 Dungeon Crawl Stone Soup version 0.22.1-2-g9c5b331383 (webtiles) character file.

163 POTATOFARMER the Shield-Bearer (level 5, -1/33 HPs)
             Began as a Gargoyle Fighter on Nov 13, 2018.
             Slain by Natasha (5 damage)
             ... on level 3 of the Dungeon.
             The game lasted 00:11:01 (2286 turns).

POTATOFARMER the Shield-Bearer (Gargoyle Fighter)   Turns: 2286, Time: 00:11:02

Health: -1/33      AC:  7    Str: 21    XL:     5   Next: 44%
Magic:  5/5        EV:  9    Int:  8    God:
Gold:   147        SH:  9    Dex:  9    Spells: 4/4 levels left

rFire    . . .     SeeInvis .   a - +0 flail
rCold    . . .     Gourm    .   c - +0 shield
rNeg     + . .     Faith    .   b - +0 leather armour
rPois    ∞         Spirit   .   (no helmet)
rElec    +         Reflect  .   (no cloak)
rCorr    .         Harm     .   (no gloves)
MR       .....                  (no boots)
Stlth    +.........             (no amulet)
HPRegen  0.11/turn              (no ring)
MPRegen  0.09/turn              (no ring)

@: very slightly contaminated, invisible
A: negative energy resistance 1, electricity resistance, unbreathing,
petrification resistance, rot immunity, AC +4
a: no special abilities


You were on level 3 of the Dungeon.
You were not hungry.

You visited 1 branch of the dungeon, and saw 3 of its levels.

You collected 147 gold pieces.

Inventory:

Hand Weapons
 a - a +0 flail (weapon)
Armour
 b - a +0 leather armour (worn)
 c - a +0 shield (worn)
Wands
 i - a wand of random effects (21)
Scrolls
 e - a scroll of identify
 g - a scroll of remove curse
 h - a scroll of teleportation
Potions
 d - a potion of might
 j - a potion of brilliance
Comestibles
 f - 3 rations


   Skills:
 + Level 3.9 Fighting
 - Level 2.0 Maces & Flails
 * Level 4.2 Armour
 * Level 1.3 Dodging
 * Level 1.5 Stealth
 * Level 4.7 Shields


You had 4 spell levels left.
You didn't know any spells.
Your spell library was empty.

Dungeon Overview and Level Annotations

Branches:
Dungeon (3/15)

Altars:

Annotations:
D:3 Natasha


Innate Abilities, Weirdness & Mutations

You are resistant to torment.
Your stone body is resilient. (AC +4)
You are immune to poison.
You resist negative energy. (rN+)
You are resistant to electric shocks. (rElec)
You can survive without breathing.
You are immune to petrification.
You are immune to rotting.


Message History

a falchion; a leather armour; an orc corpse You thump the hobgoblin!
You kill the hobgoblin!
You hit the orc.
The orc is severely wounded.
The orc hits you with a mace.
* * * LOW HITPOINT WARNING * * *
Natasha casts a spell.
You barely miss the orc.
The orc is severely wounded.
You block the orc's attack.
You catch the helpless orc completely off-guard!
You sock the orc!
You kill the orc!
You closely miss Natasha. You block Natasha's attack.
Natasha claws you but does no damage.
You thump Natasha!
Natasha is almost dead.
Natasha claws you.
You die...

..>. #.# #..≈≈≈≈≈≈..
#.# #..)P≈≈≈P.. #.#
#..≈≈≈≈≈≈≈.
#######..P≈P≈≈...
...........P≈≈≈..
#####.#...P≈≈≈P..
#.#...≈.≈≈≈..
#########.#...PP≈≈≈..
.......@h5....≈≈≈P...
#########.###.≈P≈≈≈≈
..5.. .≈≈≈≈P
###.#.#.≈≈≈≈≈
#.#.#.PP≈≈≈ #.# #
P≈≈≈≈ #.# ≈≈≈≈ #.#


You could see Natasha and a crimson imp.

Vanquished Creatures
  2 orc priests (D:3)
  3 adders
  4 oozes
  3 dart slugs (D:1)
  An orc (D:3)
  A ball python (D:3)
  3 bats
  3 giant cockroaches
  8 hobgoblins
  A quokka (D:2)
  4 frilled lizards
  10 goblins
  5 kobolds
  6 rats
54 creatures vanquished.

Notes
Turn   | Place    | Note
-------+----------+-------------------------------------------
     0 | D:1      | POTATOFARMER the Gargoyle Fighter began the quest for the
                  | Orb.
     0 | D:1      | Reached XP level 1. HP: 14/14 MP: 1/1
    99 | D:1      | Reached XP level 2. HP: 16/19 MP: 2/2
   397 | D:1      | Reached XP level 3. HP: 23/23 MP: 3/3
   784 | D:2      | Reached skill level 1 in Stealth
  1132 | D:2      | Reached XP level 4. HP: 29/29 MP: 4/4
  2236 | D:3      | Reached skill level 1 in Dodging
  2249 | D:3      | Reached XP level 5. HP: 20/33 MP: 5/5
  2275 | D:3      | Noticed Natasha
  2275 | D:3      | HP: 1/33 [orc priest/nerve-wracking pain (3)]
  2286 | D:3      | Slain by Natasha

Skill      XL: |  1  2  3  4 |
---------------+-------------+-----
Stealth        | 1 |  1.5
Shields        | 4 |  4.7
Armour         | 4 |  4.2
Dodging        | 1 |  1.3
Fighting       | |  3.9
Maces & Flails | |  2.0

Action                   |  1- 3 |  4- 6 || total
-------------------------+-------+-------++-------
Melee: Flail             |   112 |    72 ||   184
  Use: Potion            |     5 |     3 ||     8
       Scroll            |     1 |     2 ||     3
 Stab: Sleeping          |     1 |       ||     1
       Invisible         |       |     2 ||     2
  Eat: Ration            |       |     1 ||     1
       Chunk             |       |     1 ||     1
Armor: Scale mail        |    42 |       ||    42
       Leather armour    |    10 |    30 ||    40
Dodge: Dodged            |    34 |    22 ||    56
Block: Shield            |    45 |    47 ||    92
